 Dungeon Sprint DCSS version 0.19-a0-996-g3cba913 (webtiles) character file.

455 Musica the Unseen (level 6, -1/33 HPs)
             Began as a Spriggan Assassin on July 17, 2016.
             Was an Initiate of Hepliaklqana.
             Slain by Sonja
             ... wielding a +0 short sword of venom
              (6 damage)
             ... in the Dungeon (Sprint I: "Red Sonja").
             The game lasted 00:04:10 (238 turns).

Musica the Unseen (Spriggan Assassin)                Turns: 238, Time: 00:04:11

Health: -1/33      AC:  3    Str:  7    XL:     6   Next: 76%
Magic:  7/7        EV: 17    Int: 13    God:    Hepliaklqana [......]
Gold:   297        SH:  0    Dex: 19    Spells: 0 memorised, 5 levels left

rFire  . . .     SeeInvis +     a - +2 dagger
rCold  . . .     Gourm    .     c - +0 robe
rNeg   . . .     Faith    .     (shield restricted)
rPois  .         Spirit   .     (helmet restricted)
rElec  .         Dismiss  .     d - +0 cloak
rCorr  .         Reflect  .     (gloves unavailable)
SustAt .         Harm     .     (boots unavailable)
MR     +....     NoTele   +     (no amulet)
Stlth  ++++++++..               (no ring)
                                (no ring)

@: lethally poisoned (-1 -> -44), slowed, quick, somewhat resistant to hostile
enchantments, extraordinarily stealthy
A: unfitting armour, see invisible, herbivore 3, speed 3, slow metabolism 2
a: Recall Ancestor, Ancestor Identity, Renounce Religion


You were in the Dungeon.
You worshipped Hepliaklqana.
Hepliaklqana was noncommittal.
You were not hungry.

You visited 1 branch You collected 297 gold pieces.

Inventory:

Hand Weapons
 a - a +2 dagger (weapon)
 b - a +0 blowgun
Armour
 c - a +0 robe (worn)
 d - a +0 cloak (worn)
Scrolls
 m - a scroll of blinking
 n - a scroll of fog {unknown}
 o - a scroll of random uselessness {unknown}
Potions
 h - a potion of curing
 i - a potion of heal wounds
 j - a potion of haste
 k - 2 potions of magic
 l - a potion of berserk rage
Comestibles
 g - a bread ration


   Skills:
 + Level 3.9 Fighting
 + Level 5.2 Short Blades
 + Level 6.5 Throwing
 - Level 1.9 Dodging
 + Level 17.2 Stealth


You had 5 spell levels left.
You didn't know any spells.

Dungeon Overview and Level Annotations

Branches:
Dungeon (1/1)

Altars:
Elyvilon
Gozag
Hepliaklqana
Kikubaaqudgha
Makhleb
Nemelex Xobeh
Okawaru
Pakellas
Qazlal
Ru
Sif Muna
Trog
Uskayaw
Vehumet
Xom
Yredelemnul
Zin
The Shining One

Shops:
D (

Annotations:
D Sonja


Innate Abilities, Weirdness & Mutations

You are tiny and cannot use many weapons and most armour.
You have supernaturally acute eyesight. (SInv)
You are a herbivore.
You cover ground extremely quickly.
You need consume almost no food.


Message History

Sonja hits you with an uncursed short sword of venom.
You are lethally poisoned!
Sonja barely misses you. Sonja closely misses you.
There is an open door, spattered with blood here.
You hit Sonja but do no damage.
Sonja is almost dead.
You feel sick.
Sonja mumbles some strange words.
Sonja looks slightly unstable.
You completely miss Sonja.
Sonja is almost dead.
You feel sick.
Sonja hits you with an uncursed short sword of venom.
* * * LOW HITPOINT WARNING * * *
You are more poisoned.
Sonja hits you with an uncursed short sword of venom.
* * * LOW HITPOINT WARNING * * *
You are more poisoned.
Sonja hits you with an uncursed short sword of venom.
You die...

################
#<.#..)..#..'..#
#..'..#..'..#..+
#..#####'#####'#
#..####..#...#.#
#.)#__####..##.#
#..#_____##'#..+
#⌠⌠#_.∩..K@(.(_#
####_._._##_.#'#
#_____###'#[#
####### #(###
$.$ #$($# ##(##
#+#


You could see Sonja.

Vanquished Creatures
  Sigmund (D)
  A yak (D)
  An ogre (D)
  A jelly (D)
  Ijyb (D)
5 creatures vanquished.

Vanquished Creatures (others)
  An ancestor (D)
1 creature vanquished.

Grand Total: 6 creatures vanquished

Notes
Turn   | Place    | Note
-------+----------+-------------------------------------------
     0 | D        | Musica the Spriggan Assassin began the quest for the Orb.
     0 | D        | Reached XP level 1. HP: 10/10 MP: 2/2
     3 | D        | Noticed Ijyb
    14 | D        | Killed Ijyb
    14 | D        | Reached skill level 9 in Stealth
    14 | D        | Reached XP level 2. HP: 15/15 MP: 3/3
    27 | D        | Noticed an ogre
    44 | D        | Killed an ogre
    44 | D        | Reached skill level 12 in Stealth
    44 | D        | Reached XP level 3. HP: 19/19 MP: 4/4
    44 | D        | Reached XP level 4. HP: 23/23 MP: 5/5
    60 | D        | Noticed Sigmund
    97 | D        | Killed Sigmund
    97 | D        | Reached skill level 5 in Throwing
    97 | D        | Reached skill level 15 in Stealth
    97 | D        | Reached XP level 5. HP: 20/28 MP: 6/6
    97 | D        | Reached XP level 6. HP: 22/32 MP: 7/7
   146 | D        | Found a deep blue altar of Sif Muna.
   148 | D        | Found a radiant altar of Vehumet.
   170 | D        | Found Roirism's Weapon Emporium.
   170 | D        | Found a white marble altar of Elyvilon.
   170 | D        | Found a stormy altar of Qazlal.
   170 | D        | Found a burning altar of Makhleb.
   170 | D        | Found a sacrificial altar of Ru.
   170 | D        | Found a hazy altar of Hepliaklqana.
   170 | D        | Found an oddly glowing altar of Pakellas.
   170 | D        | Found a hide-covered altar of Uskayaw.
   170 | D        | Found a basalt altar of Yredelemnul.
   170 | D        | Found a glowing golden altar of the Shining One.
   170 | D        | Found a sparkling altar of Nemelex Xobeh.
   170 | D        | Found a shimmering altar of Xom.
   170 | D        | Found an opulent altar of Gozag.
   170 | D        | Found an ancient bone altar of Kikubaaqudgha.
   170 | D        | Found a glowing silver altar of Zin.
   170 | D        | Noticed a yak
   171 | D        | Found an iron altar of Okawaru.
   172 | D        | Killed a yak
   172 | D        | Reached skill level 5 in Short Blades
   172 | D        | Reached skill level 17 in Stealth
   173 | D        | Found a bloodstained altar of Trog.
   184 | D        | Became a worshipper of Hepliaklqana
   212 | D        | Noticed Sonja
   238 | D        | Slain by Sonja

Vault maps used:
D:        dungeon_sprint_1

Skill      XL: |  1  2  3  4  5  6 |
---------------+-------------------+-----
Short Blades   | 3 4 5 |  5.2
Stealth        | 9 12 15 17 | 17.2
Fighting       | 2 3 |  3.9
Throwing       | 4 5 6 |  6.5
Dodging        | |  1.9

Action                   |  1- 3 |  4- 6 || total
-------------------------+-------+-------++-------
Melee: Dagger            |       |     5 ||     5
 Fire: Blowgun           |     7 |    14 ||    21
 Stab: Sleeping          |       |     2 ||     2
Dodge: Dodged            |       |     5 ||     5
